 Dungeon Crawl Stone Soup version 0.32-a0-422-g28b100f618 (webtiles) character file.

Game seed: 13678873458584328798

209 BubbleThief the Sneak (level 5, -1/28 HPs)
             Began as a Vampire Enchanter on Feb 21, 2024.
             Slain by a kobold brigand
             ... wielding a +0 dagger
              (5 damage)
             ... in a sewer.
             The game lasted 00:05:28 (2238 turns).

BubbleThief the Sneak (Vampire Enchanter)           Turns: 2238, Time: 00:05:28

Health: -1/28      AC:  2    Str:  7    XL:     5   Next: 55%
Magic:  1/8        EV: 12    Int: 17    God:
Gold:   214        SH:  0    Dex: 17    Spells: 6/8 levels left

rFire   . . .        a - +1 dagger
rCold   + + .        (no shield)
rNeg    + + +        b - +0 robe
rPois   ∞            (no helmet)
rElec   .            (no cloak)
rCorr   .            (no gloves)
SInv    +            (no boots)
Will    .....        n - amulet of the acrobat
Stlth   +++          (no ring)
HPRegen 0.00/turn    (no ring)
MPRegen 0.11/turn

%: acrobat
@: bloodless, inhibited regen, invisible (expiring), very slow
A: bloodless, fangs 3, see invisible, vampiric 2
a: Bat Form, Revivify


You were in a sewer.
You visited 1 branch of the dungeon, and saw 3 of its levels.
You also visited: Sewer.

You collected 214 gold pieces.

Inventory:

Hand Weapons
 a - a +1 dagger (weapon)
Armour
 b - a +0 robe (worn)
Jewellery
 n - an amulet of the acrobat (around neck)
 r - an amulet of faith
Scrolls
 d - a scroll of enchant armour {unknown}
 e - a scroll of torment {unknown}
 g - 2 scrolls of identify {unknown}
 j - a scroll of teleportation {unknown}
 p - a scroll of noise {unknown}
Potions
 c - 3 potions of invisibility
 f - 2 potions of curing {unknown}
 h - a potion of lignification {unknown}
 i - a potion of mutation {unknown}
 k - 3 potions of might {unknown}
 l - 4 potions of heal wounds {unknown}
 m - a potion of attraction {unknown}
 o - a potion of haste {unknown}
 q - a potion of enlightenment {unknown}


   Skills:
 + Level 3.6 Short Blades
 - Level 2.1 Dodging
 + Level 6.7 Stealth
 - Level 2.0 Spellcasting
 + Level 6.3 Hexes


You had 6 spell levels left.
You knew the following spells:

 Your Spells              Type           Power      Damage    Failure   Level
a - Ensorcelled Hibernat  Hex/Ice        24%        N/A       8%          2

Your spell library contained the following spells:

 Spells                   Type           Power      Damage    Failure   Level
 Confusing Touch          Hex            23%        N/A       4%          3
 Tukima's Dance           Hex            23%        N/A       4%          3
 Dazzling Flash           Conj/Hex       24%        N/A       16%         3
 Volatile Blastmotes      Fire/Tloc      2%         2d10      50%         3
 Fulminant Prism          Conj/Alch      0%         3d5       88%         4
 Iskenderun's Mystic Bla  Conj/Tloc      1%         2d3       88%         4


Dungeon Overview and Level Annotations

Branches:
Dungeon (3/15)              Sewer (1/1)

Altars:
Trog


Innate Abilities, Weirdness & Mutations

You do not regenerate when monsters are visible.
You are frail without blood (-20% HP).
You can heal yourself when you bite living creatures.
You are immune to poison.
You have razor-sharp teeth.
You have supernaturally acute eyesight. (SInv)
You are afflicted with vampirism and can become a bat while bloodless.


Message History

You fade into invisibility!
The kobold brigand hits you but does no damage.
The endoplasm freezes you.
You are frozen.
You resist.
You closely miss the kobold brigand.
The kobold brigand hits you with a +0 dagger.
The endoplasm splashes around in the water.
Unknown command.
You closely miss the kobold brigand.
The kobold brigand hits you with a +0 dagger.
The endoplasm freezes you.
You are frozen.
You resist.
Unknown command.
Press: ? - help, v - describe, . - travel
Here: a kobold brigand, wielding a +0 dagger and quivering curare-tipped darts Some shallow water.
Your unstable footing causes you to fumble your attack.
The endoplasm hits you.
The kobold brigand hits you with a +0 dagger.
* * * LOW HITPOINT WARNING * * *
Press: ? - help, v - describe, . - travel
Here: a kobold brigand, wielding a +0 dagger and quivering curare-tipped darts Some shallow water.
Your unstable footing causes you to fumble your attack.
Unknown command.
You hit the kobold brigand.
The kobold brigand is lightly wounded.
The kobold brigand closely misses you.
You barely miss the kobold brigand.
The kobold brigand is lightly wounded.
You flicker for a moment.
The kobold brigand hits you with a +0 dagger.
* * * LOW HITPOINT WARNING * * *
You barely miss the kobold brigand.
The kobold brigand is lightly wounded.
The kobold brigand splashes around in the water.
You barely miss the kobold brigand.
The kobold brigand is lightly wounded.
The kobold brigand hits you with a +0 dagger.
You die...

∩.~~~.~~# ....~~~~#
~..~.~~.## #######
..~.~.~.~## #####~~~~.#
..~~##~~~~####~~~.~#####
.~~####.~...~~~###~~~~.#
~~.# #.~~~~~~~# #######
~~.. ##~.~..~.###~~~~.#
. #######~~@KJ#####
#####~~~~.# #######


You could see a kobold brigand and an endoplasm.

Vanquished Creatures
  A kobold brigand (Sewer)
  4 adders
  3 dart slugs
  3 ribbon worms
  5 orcs (D:3)
  4 ball pythons
  2 bats
  5 endoplasms
  3 giant cockroaches
  4 hobgoblins
  3 kobolds
  3 quokkas (D:3)
  5 frilled lizards
  9 rats
54 creatures vanquished.

Notes
Turn   | Place    | Note
-------+----------+-------------------------------------------
     0 | D:1      | BubbleThief the Vampire Enchanter began the quest for the
                  | Orb.
     0 | D:1      | Reached XP level 1. HP: 13/13 MP: 3/3
   123 | D:1      | Reached XP level 2. HP: 19/19 MP: 5/5
   310 | D:1      | Reached skill level 5 in Stealth
   526 | D:2      | Reached skill level 5 in Hexes
   537 | D:2      | Learned a level 2 spell: Ensorcelled Hibernation
   616 | D:2      | Gained mutation: You are afflicted with vampirism and can
                  | become a bat while bloodless. [Vampire growth]
   616 | D:2      | Reached XP level 3. HP: 19/24 MP: 2/6
   970 | D:2      | Found a faded altar of an unknown god.
  1438 | D:3      | Reached XP level 4. HP: 30/30 MP: 7/7
  1699 | D:3      | Found a bloodstained altar of Trog.
  1963 | D:3      | Found a glowing drain.
  1967 | Sewer    | Entered a sewer
  2037 | Sewer    | Noticed a kobold brigand
  2046 | Sewer    | Killed a kobold brigand
  2047 | Sewer    | Reached XP level 5. HP: 21/28 MP: 1/8
  2238 | Sewer    | Slain by a kobold brigand

Illustrated notes

Levels and vault maps discovered:
D:1:      psy_arrival_basics, layout_rooms, minivault_27
D:2:      layout_rooms, shapermc_ecumenical_altar_mp_highgroup, serial_curves,
          eino_curves_02, eino_curves_03, eino_curves_04,
          hangedman_decor_diamond_cutter, kennysheep_another_room,
          minmay_pentomino_u4
D:3:      layout_basic, mainiacjoe_overflow_brackets,
          nicolae_overflow_hidden_temple,
          mainiacjoe_sewer_entry_somewhere_in_here_2, grunt_ministairs_4
Sewer:    sewer_co_tree

Skill      XL: |  1  2  3  4 |
---------------+-------------+-----
Stealth        | 5 6 |  6.7
Short Blades   | 2 3 |  3.6
Hexes          | 5 6 |  6.3
Dodging        | |  2.1
Spellcasting   | |  2.0

Action                     |  1- 3 |  4- 6 || total
---------------------------+-------+-------++-------
  Melee: Dagger            |   104 |    79 ||   183
         Bite              |    11 |     4 ||    15
   Cast: Ensorcelled Hiber |     1 |    17 ||    18
Ability: Exsanguinate      |       |     1 ||     1
    Use: Potion            |       |     1 ||     1
   Stab: Sleeping          |     5 |    18 ||    23
 Armour: Robe              |    41 |    29 ||    70
  Dodge: Dodged            |    64 |    35 ||    99

Table legend: (Time is in decaauts)
 A = Elapsed time spent in this place.
 B = Non-inter-level travel time spent in this place.
 C = Inter-level travel time spent in this place.
 D = Time resting spent in this place.
 E = Time spent auto-exploring this place.
 F = Levels seen in this place.
 G = Mean time per level.
                   A        B        C        D        E       F      G
               +--------+--------+--------+--------+--------+-----+--------+
         Total |   2271 |   2188 |     83 |      0 |   1709 |   4 |  567.8 |
       Dungeon |   1955 |   1872 |     83 |      0 |   1468 |   3 |  651.7 |
         Sewer |    316 |    316 |      0 |      0 |    241 |   1 |  316.0 |
               +--------+--------+--------+--------+--------+-----+--------+

Top non-repeatable levels by time:
     D:2: 934 daAuts
     D:3: 533 daAuts
     D:1: 487 daAuts
   Sewer: 316 daAuts
